 Dungeon Crawl Stone Soup version 0.28-a0-1241-gf280a0fbb2 (webtiles) character file.

Game seed: 13314838751852913778

74 ChaosChampion the Skirmisher (level 4, -3/41 HPs)
             Began as a Hill Orc Fighter on Dec 26, 2021.
             Slain by an ogre (16 damage)
             ... on level 3 of the Dungeon.
             The game lasted 00:01:48 (2015 turns).

ChaosChampion the Skirmisher (Hill Orc Fighter)     Turns: 2015, Time: 00:01:49

Health: -3/41      AC:  7    Str: 20    XL:     4   Next: 28%
Magic:  4/4        EV:  9    Int:  8    God:
Gold:   79         SH:  4    Dex: 10    Spells: 3/3 levels left

rFire   . . .      SeeInvis .   a - +0 war axe
rCold   . . .      Faith    .   c - +0 buckler
rNeg    . . .      Spirit   .   b - +0 scale mail
rPois   .          Reflect  .   (no helmet)
rElec   .          Harm     .   (no cloak)
rCorr   .          Rampage  .   (no gloves)
Will    .....                   (no boots)
Stlth   ..........              (no amulet)
HPRegen 0.13/turn               (no ring)
MPRegen 0.09/turn               (no ring)

@: no status effects
A: no striking features
a: no special abilities


You were on level 3 of the Dungeon.
You visited 1 branch of the dungeon, and saw 3 of its levels.

You collected 79 gold pieces.

Inventory:

Hand Weapons
 a - a +0 war axe (weapon)
Armour
 b - a +0 scale mail (worn)
 c - a +0 buckler (worn)
Scrolls
 f - a scroll of teleportation {unknown}
 g - a scroll of identify {unknown}
 h - a scroll of vulnerability {unknown}
Potions
 d - 2 potions of might
 e - 2 potions of mutation {unknown}
 i - a potion of lignification {unknown}
 j - a potion of curing {unknown}
 k - 3 potions of flight {unknown}


   Skills:
 + Level 4.3 Fighting
 + Level 3.7 Axes
 + Level 4.0 Armour
 + Level 3.9 Shields


You had 3 spell levels left.
You didn't know any spells.
Your spell library contained the following spells:

 Spells                   Type           Power      Damage    Failure   Level
 Foxfire                  Conj/Fire      0%         2x1d4     77%         1
 Scorch                   Fire           0%         2d5       88%         2
 Gell's Gravitas          Tloc           0%         N/A       98%         3
 Iskenderun's Mystic Bla  Conj/Tloc      0%         2d3       100%        4


Dungeon Overview and Level Annotations

Branches:
Dungeon (3/15)

Altars:
Makhleb

Shops:
D:2 *


Message History

* * * LOW HITPOINT WARNING * * *
You feel sick.
* * * LOW HITPOINT WARNING * * *
You feel sick.
* * * LOW HITPOINT WARNING * * *
You feel sick.
You are no longer poisoned.
Key pressed, stopping explore.
A ball python comes into view.
The ball python hisses angrily.
A ball python is nearby!
A ball python is nearby!
You block the ball python's attack. The ball python grabs you.
The ball python constricts you.
You hit the ball python.
The ball python is moderately wounded.
The ball python barely misses you. The ball python constricts you.
You closely miss the ball python.
The ball python is moderately wounded.
The ball python barely misses you. The ball python constricts you.
You block the ball python's attack. The ball python constricts you.
You hit the ball python.
You kill the ball python!
No target in view!
No target in view!
No target in view!
You see here a ball python corpse.
An ogre comes into view. It is wielding a +0 giant spiked club.
The ogre shouts!
A worm comes into view.
There are monsters nearby!
There are monsters nearby!
You see here a ball python corpse.
The ogre hits you with a +0 giant spiked club!!
Ouch! That really hurt!
* * * LOW HITPOINT WARNING * * *
You hit the ogre.
The ogre is lightly wounded.
The ogre hits you with a +0 giant spiked club!
You die...

#..#.# #..#†# #..#.#
####..#.# #.......#
#.##..#######
#.##.........
#)##O######## #.##@#
#.##.# #....#
##.####.################
........................
...####.################
#.# ###


You could see an ogre.

Vanquished Creatures
  An adder (D:2)
  3 dart slugs
  7 endoplasms
  3 giant cockroaches (D:1)
  11 goblins
  6 hobgoblins
  3 jackals (D:1)
  4 ball pythons
  3 bats
  2 frilled lizards
  4 kobolds
  2 rats
49 creatures vanquished.

Notes
Turn   | Place    | Note
-------+----------+-------------------------------------------
     0 | D:1      | ChaosChampion the Hill Orc Fighter began the quest for the
                  | Orb.
     0 | D:1      | Reached XP level 1. HP: 19/19 MP: 1/1
    28 | D:1      | Reached XP level 2. HP: 21/27 MP: 2/2
   184 | D:1      | Reached XP level 3. HP: 23/33 MP: 3/3
   617 | D:2      | Found a faded altar of an unknown god.
   704 | D:2      | Found a burning altar of Makhleb.
   735 | D:2      | Got the Handbook of Blistering Orientation
   740 | D:2      | Found Osawn's General Store.
  1113 | D:2      | Reached XP level 4. HP: 31/41 MP: 4/4
  1677 | D:3      | HP: 2/41 [poisoned by a kobold]
  2002 | D:3      | Noticed an ogre
  2015 | D:3      | Slain by an ogre

Illustrated notes

Levels and vault maps discovered:
D:1:      saegor_arrival_simple_c, layout_basic, st_stairs_5
D:2:      layout_basic, ebering_ecumenical_altar_webs, serial_shops, shop,
          basic_altar
D:3:      layout_basic, serial_shops, nicolae_diamond_shop, chequers_jeans,
          minmay_pentomino_pile, uniq_robin

Skill      XL: |  1  2  3  4 |
---------------+-------------+-----
Axes           | 3 |  3.7
Fighting       | 4 |  4.3
Armour         | 4 |  4.0
Shields        | |  3.9

Action                   |  1- 3 |  4- 6 || total
-------------------------+-------+-------++-------
Melee: War axe           |    84 |    24 ||   108
Armor: Scale mail        |    54 |    11 ||    65
Dodge: Dodged            |    33 |     9 ||    42
Block: Buckler           |    20 |     4 ||    24

Table legend: (Time is in decaauts)
 A = Elapsed time spent in this place.
 B = Non-inter-level travel time spent in this place.
 C = Inter-level travel time spent in this place.
 D = Time resting spent in this place.
 E = Time spent auto-exploring this place.
 F = Levels seen in this place.
 G = Mean time per level.
                   A        B        C        D        E       F      G
               +--------+--------+--------+--------+--------+-----+--------+
         Total |   2051 |   2011 |     40 |      0 |   1750 |   3 |  683.7 |
       Dungeon |   2051 |   2011 |     40 |      0 |   1750 |   3 |  683.7 |
               +--------+--------+--------+--------+--------+-----+--------+

Top non-repeatable levels by time:
     D:2: 957 daAuts
     D:1: 628 daAuts
     D:3: 466 daAuts
